Map: Emerald City LE

Players

Massa

  • Race: Terran Terran
  • League: Platinum
  • Spawn Location: 11:00

qqq

  • Race: Zerg Zerg
  • Spawn Location: 11:00

feDOs

  • Race: Terran Terran
  • League: Diamond
  • Spawn Location: 5:00

Peker

  • Race: Protoss Protoss
  • Spawn Location: 5:00

VOD

Have the link to the VOD?

Description

Time

  • Played on: Nov. 11, 2020, 2:47 p.m.
  • Length: 13:06
Show
View Real Time Build Order
Export as new Build Order

Massa Terran 

Build Orders:  

Get SALT Encoding   

  12  0:00  SCV  
  13  0:12  SCV  
  14  0:23  Supply Depot  
  14  0:24  SCV  
  15  0:40  Refinery  
  15  0:45  SCV  
  15  0:46  Barracks  
  16  0:57  SCV  
  17  1:09  SCV  
  18  1:21  SCV  
  19  1:36  SCV  
  19  1:38  Reaper  
  21  1:42  Command Center  
  21  1:48  Orbital Command  
  21  2:08  Factory  
  21  2:10  Marine, Supply Depot  
  22  2:15  SCV  
  23  2:32  SCV  
  24  2:38  Supply Depot  
  24  2:43  Barracks Reactor  
  24  2:44  SCV  
  25  2:54  Hellion  
  25  2:56  Orbital Command, SCV  
  28  3:01  Refinery, Starport  
  28  3:07  Refinery  
  28  3:15  Hellion  
  28  3:16  SCV  
  31  3:21  Marine x2  
  31  3:24  SCV  
  34  3:28  SCV  
  35  3:36  SCV  
  36  3:47  SCV  
  36  3:48  SCV, Factory Tech Lab  
  38  3:50  Medivac  
  38  3:53  Engineering Bay  
  40  3:59  Command Center  
  40  4:02  SCV x2  
  42  4:14  SCV x2  
  44  4:34  SCV x2  
  46  4:46  SCV x2  
  48  4:59  Marine x2  
  50  5:00  Siege Tank  
  49  5:10  Missile Turret  
  49  5:13  Missile Turret  
  47  5:17  Marine x2  
  48  5:31  Missile Turret  
  48  5:33  Siege Tank  
  48  5:35  Marine x2  
  50  5:52  Marine  
  50  5:53  Marine  
  52  6:01  Barracks  
  52  6:04  Barracks  
  52  6:05  Siege Tank  
  52  6:07  Barracks  
  52  6:10  Marine x2  
  52  6:28  Marine  
  50  6:33  Marine  
  49  6:45  Medivac  
  49  6:46  Marine  
  52  6:51  Marine  
  50  7:04  Marine  
  50  7:07  Siege Tank  
  51  7:09  Marine  
  51  7:15  Medivac  
  53  7:16  Barracks Tech Lab x3  
  53  7:21  Marine  
  53  7:27  Marine  
  54  7:32  Supply Depot  
  54  7:34  SCV x2  
  54  7:35  Supply Depot  
  56  7:39  Marine, Siege Tank  
  56  7:42  Marauder x3  
  66  7:46  SCV x2  
  68  7:57  Supply Depot  
  68  7:58  SCV  
  68  7:59  Refinery, SCV, Marine x2, Supply Depot  
  68  8:03  Marauder x3  
  78  8:06  Concussive Shells  
  78  8:11  SCV x2  
  78  8:12  Orbital Command  
  80  8:17  Marine x2  
  82  8:20  Supply Depot  
  82  8:23  SCV x2, Supply Depot  
  82  8:24  Marine  
  82  8:25  Marauder x2  
  89  8:28  Starport Reactor  
  89  8:34  Marine  
  89  8:35  SCV, Marine  
  92  8:42  Marine, Supply Depot  
  92  8:45  Marine  
  92  8:46  Marauder  
  96  8:52  Marine  
  97  9:00  Marauder  
  98  9:03  Marine  
  98  9:04  Marauder  
  98  9:08  Marauder  
  102  9:10  Marine  
  102  9:15  Siege Tank  
  106  9:20  Missile Turret  
  106  9:21  Marine  
  106  9:22  Marauder, Missile Turret, Stimpack  
  106  9:23  Combat Shield  
  109  9:25  Marine  
  110  9:36  Supply Depot  
  110  9:38  Supply Depot x2  
  110  9:41  Supply Depot  
  110  9:42  Supply Depot  
  110  9:43  Supply Depot  
  110  9:47  Missile Turret  
  110  9:55  Marauder  
  110  9:58  Marauder, Marine x3, Siege Tank  
  94  10:15  Marine  
  95  10:42  SCV x2  
  97  10:54  SCV x2  
  97  10:56  Command Center  
  99  11:06  SCV x2  
  100  11:18  SCV x2  
  90  11:20  Medivac x2  
  90  11:23  Marauder x3  
  90  11:24  Marine x2  
  95  11:30  SCV x2  
  97  11:42  Marine x2  
  97  11:44  Marauder  
  97  11:45  Marauder x2  
  105  11:50  Medivac x2  
  105  11:53  Siege Tank  
  112  11:59  Marine  
  112  12:00  Marine  
  114  12:06  Marauder x3  
  116  12:17  Marine  
  116  12:20  Medivac x2  
  87  12:25  Siege Tank  
  87  12:27  Marauder x2  
  87  12:28  Marauder, Marine  
  89  12:42  Marine  
Show
View Real Time Build Order
Export as new Build Order

qqq Zerg 

Build Orders: Hatch First, Lurkers, Swarm Host 

Get SALT Encoding   

  12  0:00  Drone  
  13  0:09  Drone  
  14  0:35  Hatchery  
  13  0:41  Drone  
  14  0:57  Spawning Pool  
  14  1:03  Overlord  
  13  1:09  Drone  
  14  1:12  Extractor  
  13  1:18  Drone  
  13  1:22  Drone  
  15  1:27  Drone  
  16  1:48  Drone  
  16  1:49  Drone  
  18  2:02  Queen  
  18  2:04  Queen  
  18  2:07  Drone  
  23  2:11  Drone  
  24  2:27  Drone x2  
  24  2:28  Drone x2  
  28  2:33  Overlord  
  28  2:55  Lair  
  28  3:05  Drone  
  28  3:06  Drone  
  28  3:10  Metabolic Boost  
  30  3:14  Drone  
  30  3:16  Hatchery  
  30  3:19  Drone x2  
  32  3:22  Drone  
  33  3:33  Drone x2  
  35  3:35  Drone  
  35  3:37  Extractor  
  35  3:40  Drone  
  36  3:49  Overlord x3  
  36  4:10  Drone x2  
  36  4:11  Zergling x2, Spire  
  36  4:12  Drone x3  
  41  4:32  Drone  
  41  4:33  Queen  
  41  4:34  Drone  
  41  4:35  Drone  
  41  4:37  Overlord  
  46  4:38  Hatchery  
  46  4:42  Overlord  
  45  4:46  Drone x2  
  45  4:52  Overseer  
  41  4:53  Pneumatized Carapace  
  41  4:58  Spore Crawler  
  39  5:00  Zergling x2  
  39  5:03  Zergling x2  
  37  5:24  Drone x3  
  37  5:25  Drone x3  
  43  5:34  Zergling x2  
  43  5:35  Zergling x4  
  44  5:48  Spine Crawler  
  44  5:49  Spine Crawler  
  41  5:51  Overseer  
  41  5:56  Drone x2  
  43  5:58  Mutalisk  
  43  6:03  Drone  
  46  6:05  Drone  
  46  6:06  Hydralisk Den  
  41  6:19  Drone x4, Zergling x2  
  41  6:20  Zergling x4  
  40  6:55  Hydralisk x2, Muscular Augments  
  40  6:56  Hydralisk  
  40  6:57  Lurker Den  
  40  7:00  Evolution Chamber  
  40  7:01  Drone x3  
  47  7:02  Evolution Chamber  
  46  7:09  Extractor x2  
  46  7:11  Hydralisk  
  46  7:13  Hydralisk  
  48  7:19  Hydralisk  
  50  7:30  Hydralisk  
  52  7:46  Overlord  
  52  7:47  Overlord x5  
  51  8:02  Zerg Missile Weapons Level 1  
  51  8:17  Lurker x4  
  51  8:19  Lurker  
  56  8:20  Zergling x6  
  56  8:24  Drone x5  
  64  8:30  Queen  
  64  8:32  Hatchery  
  65  8:35  Mutalisk  
  67  8:51  Infestation Pit  
  66  9:26  Nydus Network  
  65  9:32  Swarm Host x3  
  65  9:33  Swarm Host x2  
  65  9:34  Swarm Host  
  65  9:36  Zergling x8  
  87  9:42  Drone x3  
  87  9:43  Overlord  
  90  9:48  Zerg Ground Armor Level 1  
  90  9:51  Hydralisk  
  84  10:25  Swarm Host x3  
  84  10:26  Swarm Host x2  
  84  10:27  Zergling x2  
  84  10:28  Overlord x3  
  100  10:37  Nydus Canal  
  100  10:47  Hive  
  100  10:48  Hatchery  
  99  11:10  Hatchery  
  62  12:00  Hydralisk  
  62  12:01  Hydralisk x3  
  64  12:02  Ultralisk Cavern, Hydralisk  
  64  12:04  Zergling x10  
  64  12:05  Zergling x8  
  64  12:06  Drone  
  81  12:21  Zergling x4  
Show
View Real Time Build Order
Export as new Build Order

feDOs Terran 

Build Orders: Reaper Expand 

Get SALT Encoding   

  12  0:00  SCV  
  13  0:13  SCV  
  14  0:21  Supply Depot  
  14  0:26  SCV  
  16  0:42  SCV  
  16  0:43  Barracks  
  16  0:49  Refinery  
  16  0:55  SCV  
  17  1:07  SCV  
  18  1:19  SCV  
  19  1:31  Orbital Command  
  19  1:36  Reaper  
  20  1:42  Command Center  
  20  2:05  SCV, Supply Depot  
  21  2:16  Bunker  
  21  2:22  SCV  
  22  2:27  Barracks Reactor  
  22  2:35  Factory  
  23  2:37  SCV  
  23  2:46  Refinery  
  23  2:49  SCV  
  24  2:57  Orbital Command  
  24  3:01  SCV  
  24  3:02  Marine  
  24  3:03  Marine  
  27  3:13  SCV  
  28  3:20  Factory Tech Lab, Marine x2  
  28  3:22  Starport  
  28  3:23  SCV  
  28  3:25  SCV  
  32  3:35  SCV  
  32  3:37  SCV  
  32  3:38  Marine x2  
  36  3:43  Cyclone  
  36  3:47  SCV  
  40  3:49  SCV  
  41  3:59  SCV  
  41  4:01  SCV, Viking  
  45  4:03  Supply Depot  
  45  4:08  Barracks  
  45  4:10  Marine  
  46  4:24  SCV x2, Marine  
  49  4:33  Barracks  
  49  4:46  Refinery, Factory Tech Lab  
  49  4:51  Supply Depot  
  49  4:52  Engineering Bay  
  49  4:56  SCV x2  
  51  5:01  Supply Depot  
  51  5:10  Supply Depot  
  51  5:17  Marine x2  
  51  5:19  Siege Tank  
  51  5:20  Starport Reactor  
  56  5:24  Barracks Reactor  
  56  5:30  Missile Turret  
  56  5:32  SCV x2, Missile Turret  
  56  5:34  Terran Infantry Weapons Level 1  
  58  5:36  Stimpack  
  58  5:37  Marine  
  58  5:38  Marine  
  58  5:41  Marauder  
  62  5:52  Supply Depot  
  62  5:55  Marine x2  
  62  5:56  SCV  
  66  5:57  SCV  
  66  5:58  Missile Turret, Siege Tank  
  66  6:02  Marauder  
  71  6:07  Marine x2  
  71  6:09  SCV x2  
  71  6:10  Medivac  
  77  6:13  Marine x2, Medivac  
  77  6:16  Supply Depot  
  77  6:17  Refinery  
  81  6:21  Supply Depot  
  81  6:22  SCV x2, Missile Turret  
  81  6:23  Marauder  
  85  6:31  Marine  
  86  6:38  Siege Tank  
  89  6:40  SCV x2, Marine x3  
  94  6:47  Marine  
  94  6:49  Marine  
  94  6:52  SCV x2  
  98  6:58  Marine x3  
  101  7:04  SCV  
  101  7:05  Supply Depot  
  102  7:11  Barracks  
  102  7:25  Supply Depot  
  102  7:26  SCV x2, Siege Tank, Marine x3, Supply Depot  
  102  7:27  Supply Depot  
  110  7:31  Command Center  
  110  7:36  Supply Depot  
  110  7:38  Terran Infantry Armor Level 1  
  110  7:47  SCV x2  
  110  7:48  Engineering Bay  
  112  7:52  Armory  
  112  7:57  Combat Shield  
  112  7:59  SCV x2  
  114  8:06  Supply Depot x2  
  114  8:09  Marine x2  
  114  8:10  Marine  
  117  8:14  Supply Depot  
  117  8:21  Barracks  
  117  8:22  Barracks Reactor  
  117  8:25  Marauder  
  119  8:33  Supply Depot  
  119  8:35  Supply Depot  
  119  8:39  Supply Depot  
  119  8:42  Marine x2  
  119  8:43  Marine x2  
  119  8:44  Medivac  
  125  8:48  Medivac  
  127  9:08  Marine x4  
  127  9:09  Siege Tank  
  133  9:12  Barracks Reactor  
  133  9:15  Concussive Shells  
  133  9:16  Orbital Command  
  133  9:18  SCV x2, Barracks  
  133  9:23  Marine x3  
  138  9:29  Barracks  
  138  9:30  SCV  
  139  9:54  Marine x4  
  139  9:55  Marine x3  
  139  9:56  Cyclone  
  149  10:04  Command Center  
  149  10:05  Refinery  
  139  10:07  Refinery  
  139  10:10  Marine x2  
  139  10:12  Marine x2  
  109  10:25  Marine  
  109  10:26  Marine x4  
  109  10:27  Medivac x2  
  109  10:28  Siege Tank  
  121  10:31  Terran Infantry Armor Level 2, Terran Infantry Weapons Level 2  
  121  10:33  Terran Ship Weapons Level 1  
  122  10:35  SCV x3  
  122  10:38  Barracks Reactor  
  122  10:39  Barracks Reactor  
  124  10:45  Marine x4  
  124  10:46  Marine x2  
  124  10:47  Marauder, Marine x2  
  134  11:03  Marine x2  
  136  11:06  Marine x5  
  136  11:07  Marine, Siege Tank  
  136  11:08  Marauder, Medivac x2  
  141  11:28  Marine x4  
  141  11:29  Marauder, Marine x3  
  142  11:33  Planetary Fortress  
  142  11:38  Medivac x2  
  142  11:39  Siege Tank  
  147  11:51  Marauder, Marine x5  
  152  12:06  Marine x2  
  152  12:07  Marine  
  155  12:08  Marine  
  155  12:12  Marauder  
  154  12:33  Marine  
  154  12:34  Medivac x2  
  154  12:36  Marine x4  
  154  12:37  Marine  
Show
View Real Time Build Order
Export as new Build Order

Peker Protoss 

Build Orders: Zealot Archon, Dark Templar Rush 

Get SALT Encoding   

  12  0:00  Probe  
  13  0:13  Probe  
  14  0:24  Pylon  
  14  0:25  Probe  
  16  0:42  Probe  
  16  0:43  Gateway  
  16  0:49  Assimilator  
  16  0:55  Probe  
  17  0:58  Assimilator  
  17  1:07  Probe  
  18  1:19  Probe  
  19  1:30  Pylon  
  19  1:31  Probe  
  20  1:43  Probe, Cybernetics Core  
  21  1:55  Probe  
  22  2:05  Pylon  
  22  2:07  Probe  
  23  2:19  Twilight Council  
  23  2:33  Warp Gate (Chrono Boost)  
  23  2:42  Nexus  
  23  2:56  Dark Shrine  
  23  2:58  Gateway  
  23  3:11  Gateway  
  23  3:29  Gateway  
  23  3:31  Pylon  
  23  3:36  Pylon  
  23  3:56  Probe (Chrono Boost)  
  25  4:03  Probe (Chrono Boost)  
  25  4:07  Probe (Chrono Boost)  
  27  4:10  Probe (Chrono Boost)  
  27  4:13  Probe (Chrono Boost)  
  27  4:15  Probe (Chrono Boost)  
  28  4:20  Stalker  
  28  4:23  Probe  
  32  4:26  Dark Templar x2  
  36  4:34  Dark Templar  
  38  4:47  Pylon  
  38  4:48  Forge  
  38  4:51  Pylon  
  38  5:07  Dark Templar x2  
  38  5:08  Zealot  
  38  5:09  Zealot  
  46  5:24  Archon  
  46  5:28  Archon  
  46  5:31  Stalker x2  
  50  5:40  Dark Templar  
  48  5:50  Stalker  
  48  5:52  Archon  
  48  5:55  Stalker  
  52  5:57  Stalker  
  52  5:59  Probe (Chrono Boost)  
  55  6:08  Probe (Chrono Boost)  
  55  6:09  Photon Cannon  
  56  6:13  Probe (Chrono Boost)  
  57  6:25  Probe  
  54  6:33  Stalker x2  
  54  6:34  Stalker x2  
  54  6:37  Probe  
  63  6:42  Pylon  
  63  6:49  Probe  
  60  7:01  Shield Battery  
  60  7:02  Shield Battery  
  60  7:04  Pylon, Shield Battery  
  54  7:11  Photon Cannon  
  54  7:12  Pylon  
  54  7:20  Probe (Chrono Boost)  
  54  7:22  Protoss Ground Weapons Level 1 (Chrono Boost)  
  55  7:23  Assimilator  
  55  7:27  Assimilator  
  56  7:30  Probe (Chrono Boost)  
  56  7:35  Probe (Chrono Boost)  
  57  7:37  Photon Cannon  
  57  7:41  Shield Battery  
  57  7:46  Probe  
  57  7:47  Stalker x2  
  57  7:48  Stalker  
  57  7:49  Stalker  
  66  7:51  Shield Battery  
  66  7:59  Probe, Blink (Chrono Boost)  
  67  8:12  Robotics Facility  
  67  8:14  Pylon  
  67  8:16  Pylon  
  67  8:28  Stalker x3  
  73  9:18  Protoss Ground Armor Level 1 (Chrono Boost)  
  73  9:26  Probe  
  73  9:30  Nexus  
  74  9:32  Pylon  
  74  9:34  Robotics Facility, Robotics Bay  
  74  9:35  Pylon  
  74  9:38  Probe, Pylon  
  75  9:40  Gateway  
  75  9:42  Gateway, Pylon  
  75  9:50  Probe  
  75  9:52  Nexus  
  76  9:57  Pylon  
  46  10:19  Stalker x2  
  46  10:20  Stalker x2  
  46  10:21  Extended Thermal Lance (Chrono Boost)  
  54  10:31  Colossus (Chrono Boost)  
  66  10:44  Colossus (Chrono Boost)  
  66  10:52  Probe (Chrono Boost)  
  67  11:01  Probe (Chrono Boost)  
  67  11:03  Stalker  
  67  11:04  Stalker x2  
  74  11:06  Probe (Chrono Boost)  
  70  11:29  Colossus (Chrono Boost)  
  82  11:39  Colossus (Chrono Boost)  
  82  12:06  Stalker  
  82  12:07  Stalker x5  
  94  12:10  Photon Cannon  
  94  12:13  Photon Cannon  
  94  12:17  Photon Cannon  
  94  12:18  Assimilator  
  94  12:21  Assimilator  
  94  12:25  Pylon  
  94  12:35  Nexus  
Tags
 
Add a new tag
Caveats
  • Supply blocks, unpowered buildings, or Contaminate may cause inaccurate times.
  • Supply counts are checked every 10 seconds.